 Dungeon Crawl Stone Soup version 0.29.1-1-gd02db6906a (webtiles) character file.

Game seed: 10459927724302924698

2812 tardwrangler69 the Geomancer (level 9, -1/51 HPs)
             Began as an Octopode Earth Elementalist on Oct 5, 2022.
             Slain by a hornet (12 damage)
             ... on level 8 of the Dungeon.
             The game lasted 00:20:30 (8227 turns).

tardwrangler69 the Geomancer (OpEE)                 Turns: 8227, Time: 00:20:31

Health: -1/51      AC:  5    Str:  7    XL:     9   Next: 72%
Magic:  18/21      EV: 13    Int: 21    God:
Gold:   406        SH:  0    Dex: 13    Spells: 18/24 levels left

rFire   . . .      SeeInvis .   (no weapon)
rCold   . . .      Faith    .   (no shield)
rNeg    . . .      Spirit   .   (helmet restricted)
rPois   .          Reflect  .   h - amulet of regeneration
rElec   .          Harm     .   b - +4 ring of protection
rCorr   .          Rampage  .   y - ring of willpower
Will    +....                   (no ring)
Stlth   +++.......              (no ring)
HPRegen 0.97/turn               (no ring)
MPRegen 0.17/turn               (no ring)
                                (no ring)
                                (no ring)

@: lethally poisoned (-1 -> -8)
A: almost no armour, amphibious, 8 rings, camouflage 1, gelatinous body 1,
(nimble swimmer 1), tentacles
a: no special abilities


You were on level 8 of the Dungeon.
You visited 2 branches of the dungeon, and saw 9 of its levels.

You collected 406 gold pieces.

Inventory:

Jewellery
 b - a +4 ring of protection (left tentacle)
 h - an amulet of regeneration (around mantle)
 y - a ring of willpower (right tentacle)
Wands
 u - a wand of flame (10)
 w - a wand of charming (18)
Scrolls
 e - a scroll of magic mapping {unknown}
 g - a scroll of silence
 i - 2 scrolls of amnesia
 j - 2 scrolls of fear
 l - a scroll of teleportation
 r - a scroll of butterflies {unknown}
 s - 2 scrolls of identify
Potions
 a - 3 potions of magic
 c - 4 potions of curing
 d - 2 potions of lignification
 f - a potion of invisibility
 k - 2 potions of berserk rage
 m - a potion of flight {unknown}
 n - a potion of brilliance {unknown}
 o - 2 potions of degeneration {unknown}
 p - 2 potions of ambrosia {unknown}
 q - a potion of heal wounds {unknown}
 t - 3 potions of attraction {unknown}


   Skills:
 - Level 2.0 Dodging
 - Level 2.6 Stealth
 - Level 8.0 Spellcasting
 + Level 6.7 Conjurations
 - Level 1.0 Transmutations
 - Level 8.0 Earth Magic


You had 18 spell levels left.
You knew the following spells:

 Your Spells              Type           Power      Damage    Failure   Level
a - Sandblast             Erth           84%        2d18      1%          1
b - Passwall              Tmut/Erth      22%        N/A       1%          2
c - Stone Arrow           Conj/Erth      78%        3d11      1%          3

Your spell library contained the following spells:

 Spells                   Type           Power      Damage    Failure   Level
 Foxfire                  Conj/Fire      88%        2x1d8     1%          1
 Shock                    Conj/Air       88%        1d8       1%          1
 Conjure Flame            Conj/Fire      22%        6-21      6%          3
 Summon Small Mammal      Summ           32%        N/A       8%          1
 Sublimation of Blood     Necr           8%         N/A       12%         2
 Petrify                  Tmut/Erth      27%        N/A       12%         4
 Flame Wave               Conj/Fire      22%        2d8       21%         4
 Call Canine Familiar     Summ           8%         N/A       24%         3
 Inner Flame              Hex/Fire       8%         N/A       24%         3
 Summon Guardian Golem    Hex/Summ       8%         N/A       24%         3
 Swiftness                Air            8%         N/A       24%         3
 Irradiate                Conj/Tmut      12%        3d15      41%         5
 Airstrike                Air            4%         2d(1-17)  61%         4


Dungeon Overview and Level Annotations

Branches:
Dungeon (8/15)             Temple (1/1) D:6
   Lair: D:8-11

Altars:
Cheibriados
Dithmenos
Elyvilon
Fedhas
Gozag
Hepliaklqana
Kikubaaqudgha
Makhleb
Okawaru
Ru
Sif Muna
Trog
Uskayaw
Xom
Yredelemnul
Zin
The Shining One

Shops:
D:2 =   D:5 :   D:6 [[

Annotations:
D:3 Robin


Innate Abilities, Weirdness & Mutations

You cannot wear most types of armour.
You are amphibious.
You can wear up to eight rings at the same time.
Your skin changes colour to match your surroundings (Stealth+).
Your rubbery body absorbs attacks. (AC +1, EV +1)
((You are camouflaged when in or above water. (Stealth+)))
You have tentacles for arms and can constrict up to eight enemies at once.


Message History

You feel yourself slow down.
Casting: Sandblast (safe; 1% risk of failure)
Confirm with . or Enter, or press ? or * to list all spells.
Aiming: Sandblast (safe; 1% risk of failure)
Press: ? - help, Shift-Dir - straight line, f/p - hornet
Aim: a hornet (77% to hit)
The blast of sand misses the hornet.
You feel yourself speed up. The hornet stings you!
You are poisoned.
You suddenly lose the ability to move!
The hornet stings you!
You feel yourself slow down.
The hornet stings you but does no damage.
You can move again.
Casting: Sandblast (safe; 1% risk of failure)
Confirm with . or Enter, or press ? or * to list all spells.
Aiming: Sandblast (safe; 1% risk of failure)
Press: ? - help, Shift-Dir - straight line, f/p - hornet
Aim: a hornet (77% to hit)
The blast of sand hits the hornet!
The hornet is moderately wounded.
You feel yourself speed up.
You feel very sick. The hornet stings you.
* * * LOW HITPOINT WARNING * * *
You are more poisoned.
You shrug off the repeated paralysis!
The hornet barely misses you. The hornet completely misses you.
The hornet stings you but does no damage.
Casting: Sandblast (safe; 1% risk of failure)
Confirm with . or Enter, or press ? or * to list all spells.
Aiming: Sandblast (safe; 1% risk of failure)
Press: ? - help, Shift-Dir - straight line, f/p - hornet
Aim: a hornet (moderately wounded, 77% to hit)
The blast of sand hits the hornet.
The hornet is moderately wounded.
* * * LOW HITPOINT WARNING * * *
You feel very sick. The hornet stings you!
You die...

..............
.............
............# #.
............###...
............#.....
..................
#..#.y.............
#...@............
###............#
#(............#
#...###.......#
....#####.......##.
..#. #............
.###. #............
##..###............
...#....#.............


You could see a hornet.

Vanquished Creatures
  A hornet (D:8)
  Sigmund (D:3)
  A wyvern (D:7)
  2 water moccasins (D:6)
  An orc warrior (D:6)
  An ice beast (D:7)
  A black bear (D:6)
  A sky beast (D:7)
  2 ogres
  2 bullfrogs (D:7)
  2 necrophages
  3 scorpions
  9 wights (D:6)
  A hound (D:5)
  4 orc priests
  2 iguanas
  5 orc wizards
  Natasha (twice) (D:2)
  10 adders
  8 gnolls
  2 shadow imps (D:6)
  A white imp (D:7)
  A worm (D:2)
  5 dart slugs
  18 orcs
  9 ball pythons
  5 endoplasms
  A giant cockroach (D:3)
  9 goblins
  13 hobgoblins
  3 jackals
  9 kobolds
  4 quokkas
  7 bats
  4 frilled lizards
  4 rats
154 creatures vanquished.

Notes
Turn   | Place    | Note
-------+----------+-------------------------------------------
     0 | D:1      | tardwrangler69 the Octopode Earth Elementalist began the
                  | quest for the Orb.
     0 | D:1      | Reached XP level 1. HP: 11/11 MP: 3/3
   202 | D:1      | Found a faded altar of an unknown god.
   303 | D:1      | Reached XP level 2. HP: 17/17 MP: 3/5
   704 | D:1      | Reached XP level 3. HP: 21/21 MP: 3/6
  1235 | D:2      | Found Setesoin's Jewellery Shoppe.
  1591 | D:2      | Reached XP level 4. HP: 26/27 MP: 4/8
  1786 | D:2      | Noticed Natasha
  1794 | D:2      | Killed Natasha
  2100 | D:2      | Noticed Natasha
  2106 | D:2      | Killed Natasha
  2107 | D:2      | Reached XP level 5. HP: 24/31 MP: 4/10
  2483 | D:3      | Found a shimmering altar of Xom.
  2854 | D:3      | Found a blossoming altar of Fedhas.
  2920 | D:3      | Reached skill level 5 in Earth Magic
  3023 | D:3      | Noticed Robin
  3026 | D:3      | Noticed Sigmund
  3055 | D:3      | Reached XP level 6. HP: 36/36 MP: 4/12
  3172 | D:3      | Killed Sigmund
  3493 | D:4      | Reached XP level 7. HP: 36/41 MP: 10/14
  3691 | D:4      | Reached skill level 5 in Spellcasting
  3785 | D:4      | Found a shadowy altar of Dithmenos.
  4351 | D:5      | Entered Level 5 of the Dungeon
  4823 | D:5      | Found Atyt's Self-Improvement Boutique.
  5007 | D:6      | Reached XP level 8. HP: 46/46 MP: 13/17
  5208 | D:5      | Learned a level 2 spell: Passwall
  5210 | D:5      | Learned a level 1 spell: Shock
  5436 | D:6      | Learned a level 3 spell: Stone Arrow
  5742 | D:6      | Found a staircase to the Ecumenical Temple.
  5794 | D:6      | Found a sacrificial altar of Ru.
  6051 | Temple   | Entered the Ecumenical Temple
  6153 | D:6      | Found Poefadae's Antique Armour Shop.
  6417 | D:6      | Found Wite's Antique Armour Boutique.
  6561 | D:6      | Reached XP level 9. HP: 51/51 MP: 4/20
  6669 | D:6      | Reached skill level 1 in Conjurations
  7337 | D:7      | Reached skill level 5 in Conjurations
  8129 | D:8      | Noticed a hornet
  8136 | D:8      | Killed a hornet
  8219 | D:8      | Noticed a hornet
  8225 | D:8      | Paralysed by a hornet for 1 turns
  8227 | D:8      | Slain by a hornet

Illustrated notes

Levels and vault maps discovered:
D:1:      dpeg_arrival_round_c, layout_basic, shapermc_ecumenical_altar_venn,
          minmay_ruptured
D:2:      layout_loops_ring, serial_shops, nicolae_shop_stone,
          minmay_increasing_density, uniq_natasha
D:3:      layout_basic, mainiacjoe_overflow_24_doors,
          mainiacjoe_overflow_six_doors_small, uniq_robin, uniq_sigmund
D:4:      layout_loops_corners, nicolae_dithmenos_through_a_glass_darkly
D:5:      layout_basic, nicolae_shop_self_help
D:6:      layout_loops_corners, mainiacjoe_overflow_alcove_4,
          minmay_temple_entry_enclosed_plants, serial_shops,
          kennysheep_mini_moat, nicolae_shop_behind_doors
D:7:      layout_basic, grunt_decor_arrowhead
D:8:      layout_cave_pools, serial_shops, nicolae_lakefront_shop, uniq_erica
Temple:   nicolae_temple_ecumenical_triangle

Skill      XL: |  1  2  3  4  5  6  7  8  9 |
---------------+----------------------------+-----
Spellcasting   | 3 4 6 7 8 |  8.0
Earth Magic    | 4 5 7 8 |  8.0
Conjurations   | 6 |  6.7
Dodging        | |  2.0
Stealth        | |  2.6
Transmutations | |  1.0

Action                   |  1- 3 |  4- 6 |  7- 9 || total
-------------------------+-------+-------+-------++-------
Melee: Unarmed           |     2 |     6 |       ||     8
       Tentacles         |     1 |     3 |       ||     4
       Constrict         |       |     2 |       ||     2
 Cast: Sandblast         |    50 |    76 |   126 ||   252
       Stone Arrow       |       |       |    25 ||    25
       Shock             |       |       |     2 ||     2
  Use: Scroll            |     1 |     1 |     9 ||    11
 Stab: Sleeping          |     1 |     1 |       ||     2
Armor: Skin              |     1 |    15 |    12 ||    28
Dodge: Dodged            |    14 |    36 |    62 ||   112
